 Dungeon Crawl Stone Soup version 0.13.0-59-g13bd910 (webtiles) character file.

106 Lilouch the Firebug (level 3, -3/24 HPs)
             Began as a Mummy Fire Elementalist on Nov 20, 2013.
             Slain by an adder (5 damage)
             ... on Level 2 of the Dungeon.
             The game lasted 00:13:57 (3191 turns).

Lilouch the Firebug (Mummy Fire Elementalist)       Turns: 3191, Time: 00:13:58

HP  -3/24        AC  2     Str 11      XL: 3   Next: 67%
MP   1/6         EV 12     Int 15      God:
Gold 51          SH  0     Dex 12      Spells:  1 memorised,  5 levels left

Res.Fire  : x . .   See Invis. : .   k - -3,-2 sling (curse)
Res.Cold  : + . .   Warding    : .   h - +0 robe
Life Prot.: + + +   Conserve   : .   (no shield)
Res.Poison: +       Res.Corr.  : .   (no helmet)
Res.Elec. : .       Clarity    : .   (no cloak)
Sust.Abil.: . .     Spirit.Shd : .   (no gloves)
Res.Mut.  : .       Stasis     : .   (no boots)
Res.Rott. : +       Flight     : .   (no amulet)
Saprovore : . . .                    (no ring)
                                     (no ring)

@: very slightly contaminated, slightly resistant to hostile enchantments,
unstealthy
A: no food or potions, fire vulnerability, restore body, cold resistance 1, life
protection 3, poison resistance, torment resistance, unbreathing
a: no special abilities


You were on level 2 of the Dungeon.
You were not hungry.

You visited 1 branch of the dungeon, and saw 2 of its levels.

You collected 31 gold pieces.

Inventory:

Hand weapons
 a - a +0,+1 short sword
 k - a cursed -3,-2 sling (weapon)
 n - a +0,+1 orcish club
 o - a -1,+1 orcish club
 r - a +0,+0 sling
 u - a +2,+0 vampiric short sword
 v - a +0,+0 club
 y - a +0,+0 dagger
 z - a +0,+0 dagger
 A - a +0,+0 sling
Missiles
 m - 39 stones (quivered)
Armour
 g - a +0 elven ring mail
 h - a +0 robe (worn)
 j - a +0 shield
Comestibles
 f - a cheese
 B - a meat ration
Scrolls
 d - a scroll of enchant weapon I {unknown}
 e - a scroll of curse weapon {unknown}
 l - 2 scrolls of teleportation {unknown}
 p - a scroll of magic mapping {unknown}
 q - 2 scrolls of remove curse {unknown}
 w - a scroll of identify {unknown}
 x - a scroll of random uselessness {unknown}
Jewellery
 i - an uncursed ring of see invisible {unknown}
Potions
 c - a potion of brilliance {unknown}
 s - 2 potions of confusion {unknown}
 t - a potion of restore abilities {unknown}
Books
 b - a book of Flames

   Spells                             Type                      Level
   *Flame Tongue                      Conjuration/Fire             1
   Throw Flame                        Conjuration/Fire             2
   Conjure Flame                      Conjuration/Fire             3
   Inner Flame                        Hexes/Fire                   3
   Sticky Flame                       Conjuration/Fire             4
   Fireball                           Conjuration/Fire             5


   Skills:
 - Level 1.5 Dodging
 - Level 1.5 Stealth
 * Level 2.2 Spellcasting
 + Level 1.5 Conjurations
 + Level 2.9 Fire Magic


You had 5 spell levels left.
You knew the following spells:

 Your Spells              Type           Power        Failure   Level  Hunger
a - Flame Tongue          Conj/Fire      #....        12%         1    N/A

Dungeon Overview and Level Annotations

Branches:
Dungeon (2/27)

Altars:
Ashenzari
Fedhas


Innate Abilities, Weirdness & Mutations

You do not eat or drink.
Your flesh is vulnerable to fire.
Your flesh is cold resistant.
You are immune to negative energy.
Your system is resistant to poisons.
You are immune to unholy pain and torment.
You can survive without breathing.


Message History

You shoot a stone. The stone hits the adder.
The adder is severely wounded.
The adder closely misses you.
Firing (i - inventory. (,) - cycle):
m - 42 stones (quivered)
Press: ? - help, Shift-Dir - straight line, f/p - adder
Aim: an adder (severely wounded)
You shoot a stone. The stone misses the adder.
The adder completely misses you.
Firing (i - inventory. (,) - cycle):
m - 41 stones (quivered)
Press: ? - help, Shift-Dir - straight line, f/p - adder
Aim: an adder (severely wounded)
You shoot a stone. The stone misses the adder.
The adder bites you but does no damage. The adder bites you.
* * * LOW HITPOINT WARNING * * *
Firing (i - inventory. (,) - cycle):
m - 40 stones (quivered)
Press: ? - help, Shift-Dir - straight line, f/p - adder
Aim: an adder (severely wounded)
You shoot a stone. The stone hits the adder.
The adder is severely wounded.
The adder bites you.
You die...

############
#..........#
#.._.......#
#..........#
#..........######### #
#....@..>.............
#.....S.........######
#######.(.......# #..
#...).....# ##..
##.(.(.######... #.###.#
##..≈≈ #.###'####..≈≈≈
##########.##....%..≈≈≈≈
#........#.##.....%.≈≈≈≈


You could see an adder.

Vanquished Creatures
  2 adders (D:2)
  A worm (D:2)
  A giant cockroach (D:2)
  8 goblins
  2 hobgoblins
  A quokka (D:2)
  4 bats
  5 giant newts
  5 kobolds
  2 rats (D:2)
  A toadstool (D:1)
32 creatures vanquished.

Vanquished Creatures (others)
  3 toadstools (D:1)
3 creatures vanquished.

Grand Total: 35 creatures vanquished

Notes
Turn   | Place    | Note
--------------------------------------------------------------
     0 | D:1      | Lilouch, the Mummy Fire Elementalist, began the quest for the Orb.
     0 | D:1      | Reached XP level 1. HP: 13/13 MP: 3/3
   887 | D:1      | Reached skill level 1 in Conjurations
  1132 | D:2      | Reached XP level 2. HP: 19/19 MP: 1/4
  2200 | D:2      | Found a blossoming altar of Fedhas.
  2312 | D:2      | Reached XP level 3. HP: 8/24 MP: 0/6
  3086 | D:2      | Found a shattered altar of Ashenzari.
  3191 | D:2      | Slain by an adder

Action                   || total
-------------------------++-------
Melee: Unarmed           ||     5
 Fire: Sling             ||    91
Throw: Club              ||     1
       Stone             ||     1
 Cast: Flame Tongue      ||    81
